 Dungeon Crawl Stone Soup version 0.21.1-1-g345015f (webtiles) character file.

210 tidbits the Firebug (level 5, -5/37 HPs)
             Began as a Gnoll Fire Elementalist on Feb 7, 2018.
             Slain by Duvessa
             ... wielding a +0 rapier
              (9 damage)
             ... on level 4 of the Dungeon.
             The game lasted 00:05:53 (616 turns).

tidbits the Firebug (Gnoll Fire Elementalist)        Turns: 616, Time: 00:05:54

Health: -5/37      AC:  2    Str: 15    XL:     5   Next: 87%
Magic:  4/12       EV: 16    Int: 19    God:
Gold:   122        SH:  0    Dex: 22    Spells: 4/14 levels left

rFire    . . .     SeeInvis .   a - +0 short sword
rCold    . . .     Gourm    .   (no shield)
rNeg     . . .     Faith    .   g - +0 robe
rPois    .         Spirit   .   (no helmet)
rElec    .         Reflect  .   (no cloak)
rCorr    .         Harm     .   (no gloves)
MR       +....                  (no boots)
Stlth    +++.......             (no amulet)
HPRegen  0.12/turn              X - +5 ring of dexterity
MPRegen  0.13/turn              H - ring of protection from magic

@: mighty
A: distributed training, fangs 1, agile 1, strong nose
a: no special abilities


You were on level 4 of the Dungeon.
You were not hungry.

You visited 1 branch of the dungeon, and saw 4 of its levels.

You collected 122 gold pieces.

Inventory:

Hand Weapons
 a - a +0 short sword (weapon)
 o - a -3 dagger
 q - a +0 hunting sling
 s - a +0 trident
Missiles
 l - a throwing net (quivered) {!f}
 n - 46 arrows
Armour
 g - a +0 robe (worn)
 h - a +0 ring mail
Jewellery
 H - a ring of protection from magic (right hand)
   (You found it on level 4 of the Dungeon)
 X - a +5 ring of dexterity (left hand)
   (You found it on level 3 of the Dungeon)
Scrolls
 e - a scroll of immolation {unknown}
 f - a scroll of blinking {unknown}
 m - a scroll of enchant weapon
 r - 2 scrolls of remove curse
 u - a scroll of fear {unknown}
Potions
 d - a potion of resistance
 i - a potion of flight
 j - a potion of degeneration {unknown}
 k - a potion of magic {unknown}
 p - a potion of curing
 v - a potion of lignification {unknown}
Books
 b - a book of Flames

   Spells                             Type                      Level
   a - Flame Tongue                   Conjuration/Fire             1
   b - Throw Flame                    Conjuration/Fire             2
   c - Conjure Flame                  Conjuration/Fire             3
   d - Inner Flame                    Hexes/Fire                   3
   e - Sticky Flame                   Conjuration/Fire             4
   f - Fireball                       Conjuration/Fire             5
Comestibles
 c - 5 rations


   Skills:
 + Level 1.6 Fighting
 + Level 1.6 Short Blades
 + Level 1.6 Long Blades
 + Level 1.6 Axes
 + Level 1.6 Maces & Flails
 + Level 1.6 Polearms
 + Level 1.6 Staves
 + Level 1.6 Slings
 + Level 1.6 Bows
 + Level 1.6 Crossbows
 + Level 1.6 Throwing
 + Level 1.6 Armour
 + Level 4.8 Dodging
 + Level 4.4 Stealth
 + Level 1.6 Shields
 + Level 1.6 Unarmed Combat
 + Level 5.2 Spellcasting
 + Level 2.4 Conjurations
 + Level 1.3 Hexes
 + Level 1.3 Charms
 + Level 1.3 Summonings
 + Level 1.3 Necromancy
 + Level 1.3 Translocations
 + Level 1.3 Transmutations
 + Level 5.6 Fire Magic
 + Level 1.3 Ice Magic
 + Level 1.3 Air Magic
 + Level 1.3 Earth Magic
 + Level 1.3 Poison Magic
 + Level 1.8 Invocations
 + Level 1.6 Evocations


You had 4 spell levels left.
You knew the following spells:

 Your Spells              Type           Power        Failure   Level  Hunger
a - Flame Tongue          Conj/Fire      ###..        2%          1    None
c - Conjure Flame         Conj/Fire      ###.....     7%          3    ##.....
j - Throw Flame           Conj/Fire      ###...       3%          2    None
t - Sticky Flame          Conj/Fire      ###.....     22%         4    ####...


Dungeon Overview and Level Annotations

Branches:
Dungeon (4/15)             Temple (0/1) D:4

Altars:

Annotations:
D:4 Dowan, Duvessa


Innate Abilities, Weirdness & Mutations

Your experience applies equally to all skills.
You have very sharp teeth.
Your uncanny sense of smell can sniff out nearby items.
You are agile. (Dex +2)


Message History

Casting: Sticky Flame
Confirm with . or Enter, or press ? or * to list all spells.
Aiming: Sticky Flame
Press: ? - help, Shift-Dir - straight line, f/p - hound
Aim: a hound The sticky flame hits the hound.
The hound is moderately wounded.
The hound is covered in liquid flames!
The hound burns!
The hound bites you.
You completely miss the hound.
The hound is heavily wounded.
The hound burns!
The hound barely misses you. The hound bites you.
You closely miss the hound.
The hound is severely wounded.
The hound burns!
The hound closely misses you.
You closely miss the hound.
The hound is severely wounded.
The hound burns!
The hound misses you. The hound barely misses you.
You hit the hound but do no damage.
The hound is almost dead.
The hound burns!
You kill the hound!
Found 9 gold pieces.
A howler monkey comes into view.
The howler monkey howls!
Found a small gilded ring.
You see here 9 gold pieces.
You now have 122 gold pieces (gained 9).
The howler monkey misses you.
Casting: Sticky Flame
Confirm with . or Enter, or press ? or * to list all spells.
Aiming: Flame Tongue
Press: ? - help, Shift-Dir - straight line, f - howler monkey
Aim: a howler monkey The flame tongue hits the howler monkey.
The howler monkey is heavily wounded.
The howler monkey hoots and howls with incredible vigour!
The howler monkey barely misses you.
You hear a shout! x2
Casting: Flame Tongue
Confirm with . or Enter, or press ? or * to list all spells.
Aiming: Flame Tongue
Press: ? - help, Shift-Dir - straight line, f/p - howler monkey
Aim: a howler monkey (heavily wounded, catching its breath)
The flame tongue hits the howler monkey.
The howler monkey is severely wounded.
The howler monkey barely misses you.
Casting: Flame Tongue
Confirm with . or Enter, or press ? or * to list all spells.
Aiming: Flame Tongue
Press: ? - help, Shift-Dir - straight line, f/p - howler monkey
Aim: a howler monkey (severely wounded, catching its breath)
The flame tongue misses the howler monkey.
The howler monkey completely misses you.
You hit the howler monkey.
You kill the howler monkey!
You see here a howler monkey corpse.
Your magical contamination has completely faded away.
You see here a small gilded ring.
w - a small gilded ring Put on which piece of jewellery? (? for menu, Esc to quit)
w - a ring of protection from magic (right hand) Adjust (i)tems, (s)pells, or (a)bilities?
Adjust which item? (? for menu, Esc to quit)
w - a ring of protection from magic (right hand) Adjust to which letter? (? for menu, Esc to quit)
H - a ring of protection from magic (right hand) 3 gnolls, Duvessa and Dowan come into view.
The gnoll shouts!
Dowan mumbles some strange words.
Dowan blinks!
The gnoll moves out of view.
The gnoll shouts!
Found a staircase to the Ecumenical Temple.
Okay, then.
You hear a shout!
Duvessa misses you.
A gnoll comes into view.
You feel very mighty all of a sudden. Duvessa hits you with a rapier.
You puncture Duvessa!
Duvessa is moderately wounded.
You hit Duvessa.
Duvessa is moderately wounded.
Duvessa misses you.
You puncture Duvessa!
Duvessa is heavily wounded.
Duvessa hits you with a rapier!
* * * LOW HITPOINT WARNING * * *
Okay, then.
You puncture Duvessa!
Duvessa is almost dead.
Duvessa hits you with a rapier.
* * * LOW HITPOINT WARNING * * *
You hit Duvessa.
Duvessa is almost dead.
Duvessa hits you with a rapier!
* * * LOW HITPOINT WARNING * * *
You hit Duvessa.
Duvessa is almost dead.
Duvessa hits you with a rapier!
You die...

>...' .... ...
###'#####
#...#...#
###g.##...#### #
#gg..........#.#
∆
#e#............
#@##.........#
#.#####...####
#.# #...# #.#
#...# #.# ##.##
#.####
#.#########
.....#
#.#........
.###.#
#.#.####...
#.###.#.##.....


You could see Duvessa and 3 gnolls.

Vanquished Creatures
  An ogre (D:4)
  A howler monkey (D:4)
  A hound (D:4)
  4 gnolls (D:3)
  A leopard gecko (D:2)
  A giant cockroach (D:1)
  2 goblins
  2 hobgoblins
  A kobold (D:1)
  A ball python (D:1)
  6 bats
  3 frilled lizards
  6 rats
30 creatures vanquished.

Notes
Turn   | Place    | Note
-------+----------+-------------------------------------------
     0 | D:1      | tidbits the Gnoll Fire Elementalist began the quest for the Orb.
     0 | D:1      | Reached XP level 1. HP: 13/13 MP: 6/6
   112 | D:1      | Reached skill level 2 in Conjurations
   127 | D:1      | Reached XP level 2. HP: 19/19 MP: 2/7
   131 | D:1      | Learned a level 2 spell: Throw Flame
   399 | D:3      | Reached skill level 5 in Spellcasting
   399 | D:3      | Reached XP level 3. HP: 25/25 MP: 2/9
   405 | D:3      | Gained mutation: You are frail. (-10% HP) [potion of mutation]
   405 | D:3      | Lost mutation: You are frail. (-10% HP) [potion of mutation]
   405 | D:3      | Gained mutation: You are agile. (Dex +2) [potion of mutation]
   408 | D:3      | Reached skill level 1 in Invocations
   418 | D:3      | Reached skill level 1 in Fighting
   418 | D:3      | Reached skill level 1 in Short Blades
   418 | D:3      | Reached skill level 1 in Long Blades
   418 | D:3      | Reached skill level 1 in Axes
   418 | D:3      | Reached skill level 1 in Maces & Flails
   418 | D:3      | Reached skill level 1 in Polearms
   418 | D:3      | Reached skill level 1 in Staves
   418 | D:3      | Reached skill level 1 in Slings
   418 | D:3      | Reached skill level 1 in Bows
   418 | D:3      | Reached skill level 1 in Crossbows
   418 | D:3      | Reached skill level 1 in Throwing
   418 | D:3      | Reached skill level 1 in Armour
   418 | D:3      | Reached skill level 1 in Shields
   418 | D:3      | Reached skill level 1 in Unarmed Combat
   418 | D:3      | Reached skill level 1 in Evocations
   418 | D:3      | Reached XP level 4. HP: 10/32 MP: 1/11
   542 | D:4      | Noticed an ogre
   546 | D:4      | Killed an ogre
   546 | D:4      | Reached skill level 1 in Hexes
   546 | D:4      | Reached skill level 1 in Charms
   546 | D:4      | Reached skill level 1 in Summonings
   546 | D:4      | Reached skill level 1 in Necromancy
   546 | D:4      | Reached skill level 1 in Translocations
   546 | D:4      | Reached skill level 1 in Transmutations
   546 | D:4      | Reached skill level 1 in Ice Magic
   546 | D:4      | Reached skill level 1 in Air Magic
   546 | D:4      | Reached skill level 1 in Earth Magic
   546 | D:4      | Reached skill level 1 in Poison Magic
   546 | D:4      | Reached XP level 5. HP: 26/37 MP: 9/12
   551 | D:4      | Learned a level 3 spell: Conjure Flame
   556 | D:4      | Learned a level 4 spell: Sticky Flame
   605 | D:4      | Found a staircase to the Ecumenical Temple.
   605 | D:4      | Noticed Duvessa
   605 | D:4      | Noticed Dowan
   616 | D:4      | Slain by Duvessa

Skill      XL: |  1  2  3  4 |
---------------+-------------+-----
Conjurations   | 2 |  2.4
Spellcasting   | 5 |  5.2
Invocations    | 1 |  1.8
Fighting       | 1 |  1.6
Short Blades   | 1 |  1.6
Long Blades    | 1 |  1.6
Axes           | 1 |  1.6
Maces & Flails | 1 |  1.6
Polearms       | 1 |  1.6
Staves         | 1 |  1.6
Slings         | 1 |  1.6
Bows           | 1 |  1.6
Crossbows      | 1 |  1.6
Throwing       | 1 |  1.6
Armour         | 1 |  1.6
Shields        | 1 |  1.6
Unarmed Combat | 1 |  1.6
Evocations     | 1 |  1.6
Hexes          | 1 |  1.3
Charms         | 1 |  1.3
Summonings     | 1 |  1.3
Necromancy     | 1 |  1.3
Translocations | 1 |  1.3
Transmutations | 1 |  1.3
Ice Magic      | 1 |  1.3
Air Magic      | 1 |  1.3
Earth Magic    | 1 |  1.3
Poison Magic   | 1 |  1.3
Dodging        | |  4.8
Stealth        | |  4.4
Fire Magic     | |  5.6

Action                   |  1- 3 |  4- 6 || total
-------------------------+-------+-------++-------
Melee: Dagger            |     5 |       ||     5
       Short sword       |     9 |    13 ||    22
       Bite              |       |     1 ||     1
 Cast: Flame Tongue      |    34 |     6 ||    40
       Throw Flame       |       |     1 ||     1
       Sticky Flame      |       |     1 ||     1
  Use: Scroll            |     3 |       ||     3
       Potion            |     5 |     1 ||     6
 Stab: Sleeping          |     2 |     1 ||     3
Armor: Robe              |     6 |       ||     6
Dodge: Dodged            |    33 |    14 ||    47

Table legend:
 A = Turns spent in this place as a percentage of turns spent in the entire game.
 B = Non-inter-level travel turns spent in this place as a percentage of non-inter-level travel turns spent in the entire game.
 C = Inter-level travel turns spent in this place as a percentage of turns spent in this place.
 D = Turns resting spent in this place as a percentage of non-inter-level travel turns spent in this place.
 E = Turns spent auto-exploring this place as a percentage of non-inter-level travel turns spent in this place.
 F = Non-inter-level travel turns spent in this place divided by the number of levels of this place that you've seen.
                   A       B       C       D       E      F
               +-------+-------+-------+-------+-------+----------------------
         Total | 100.0 | 100.0 |   0.0 |   0.0 |   0.0 | 154.0
       Dungeon | 100.0 | 100.0 |   0.0 |   0.0 |   0.0 | 154.0
               +-------+-------+-------+-------+-------+----------------------

Table legend:
 A = Kills in this place as a percentage of kills in entire the game.
 B = Kills by you in this place as a percentage of kills by you in the entire game.
 C = Kills by friends in this place as a percentage of kills by friends in the entire game.
 D = Other kills in this place as a percentage of other kills in the entire game.
 E = Experience gained in this place as a percentage of experience gained in the entire game.
 F = Experience gained in this place divided by the number of levels of this place that you have seen.
                   A       B       C       D       E      F
               +-------+-------+-------+-------+-------+----------------------
         Total | 100.0 | 100.0 |   N/A |   N/A | 100.0 |  75.0
       Dungeon | 100.0 | 100.0 |   N/A |   N/A | 100.0 |  75.0
               +-------+-------+-------+-------+-------+----------------------

Vault maps used:
D:1:      onia_arrival_handbag
D:2:      first_ration, minmay_misc_feat_rows, serial_park_tiny_2, uniq_jessica
D:4:      temple_green, serial_shops, nicolae_shop_statue_plus, uniq_duvessa
